 Dungeon Crawl Stone Soup version 0.19-a0-1247-gdb14cb7 (webtiles) character file.

139560 Zajzajer the Severer (level 16, 0/146 HPs)
             Began as a Minotaur Fighter on Aug 27, 2016.
             Was the Champion of Okawaru.
             Killed by the raging water
             ... invoked by a water nymph
              (24 damage)
             ... on level 3 of the Shoals.
             The game lasted 01:15:10 (30058 turns).

Zajzajer the Severer (Minotaur Fighter)            Turns: 30058, Time: 01:15:10

Health: 0/146      AC: 34    Str: 39    XL:     16   Next: 73%
Magic:  27/27      EV: 20    Int:  5    God:    Okawaru [******]
Gold:   1704       SH: 22    Dex: 12    Spells: 4 memorised, 22 levels left

rFire  + . .     SeeInvis .     k - +3 broad axe of the Shining Light {freeze, rF+ rN+ Str+8 Stlth-}
rCold  + . .     Gourm    .     L - +2 plate armour {rC+}
rNeg   + + .     Faith    .     Z - +1 shield {AC+3}
rPois  .         Spirit   .     H - +2 hat {MR+}
rElec  .         Dismiss  .     I - +2 cloak {MR+}
rCorr  .         Reflect  +     v - +0 pair of gloves
MR     +++..     Harm     .     V - +1 pair of boots of the Untouchables {rN+ Str+3 Dex+2}
Stlth  ..........               w - +6 amulet of reflection
                                i - +3 ring of protection
                                P - +5 ring of evasion

@: no status effects
A: retaliatory headbutt, horns 2, talons 1
a: Heroism, Finesse, Renounce Religion


You were on level 3 of the Shoals.
You worshipped Okawaru.
Okawaru was exalted by your worship.
You were not hungry.

You visited 5 branches of the dungeon, and saw 27 of its levels.

You collected 2111 gold pieces.
You spent 407 gold pieces at shops.

Inventory:

Hand Weapons
 k - the +3 broad axe of the Shining Light (weapon) {freeze, rF+ rN+ Str+8 Stlth-}
   (Okawaru gifted it to you on level 2 of the Orcish Mines)

   It has been specially enchanted to freeze those struck by it, causing extra
   injury to most foes and up to half again as much damage against particularly
   susceptible opponents.
   It can also slow down cold-blooded creatures.
   It affects your strength (+8).
   It protects you from fire.
   It protects you from negative energy.
   It makes you less stealthy.
 T - a +9 broad axe of chopping
 X - the +4 demon blade of Subterfuge {flame, rF+ Int-4 Dex+2}
   (You found it on level 4 of the Lair of Beasts)

   It has been specially enchanted to burn those struck by it, causing extra
   injury to most foes and up to half again as much damage against particularly
   susceptible opponents.
   Big, fiery blades are also staple armaments of hydra-hunters.
   It affects your intelligence (-4).
   It affects your dexterity (+2).
   It protects you from fire.
Armour
 e - a +1 crystal plate armour
 q - the +0 chain mail "Jailuigg" {+Inv Str+3 Int+2}
   (You found it on level 12 of the Dungeon)

   It affects your strength (+3).
   It affects your intelligence (+2).
   It lets you turn invisible.
 v - a +0 pair of gloves (worn)
 H - a +2 hat of magic resistance (worn)
 I - a +2 cloak of magic resistance (worn)
 L - a +2 plate armour of cold resistance (worn)
 V - the +1 pair of boots of the Untouchables (worn) {rN+ Str+3 Dex+2}
   (Okawaru gifted it to you on level 4 of the Lair of Beasts)

   It affects your strength (+3).
   It affects your dexterity (+2).
   It protects you from negative energy.
 Z - a +1 shield of protection (worn)
Jewellery
 b - an uncursed ring of protection from fire
 i - a +3 ring of protection (right hand)
 s - an uncursed ring of resist corrosion
 w - a +6 amulet of reflection (around neck)
 F - an uncursed ring of see invisible
 P - a +5 ring of evasion (left hand)
Wands
 m - a wand of paralysis (17/24)
 C - a wand of lightning (10/15)
 G - a wand of digging (6/24)
Scrolls
 a - 2 scrolls of identify
 c - a scroll of enchant weapon
 j - 9 scrolls of remove curse
 u - 5 scrolls of amnesia
 y - a scroll of fog
 A - a scroll of recharging
 K - 2 scrolls of blinking
Potions
 n - a potion of lignification
 p - 3 potions of agility
 r - 5 potions of might
 t - a potion of cancellation
 x - 11 potions of curing
 D - 3 potions of resistance
 E - a potion of cure mutation
 J - a potion of flight
 Q - 3 potions of mutation
 S - a potion of ambrosia
 U - 2 potions of haste
Comestibles
 d - 18 chunks of flesh
 f - 14 bread rations
 g - 15 fruits
 h - 16 meat rations
 z - 11 beef jerkies
 B - 3 slices of pizza


   Skills:
 + Level 14.2 Fighting
 * Level 18.2 Axes
 + Level 14.5 Armour
 + Level 12.5 Dodging
 + Level 14.1 Shields
 + Level 8.3 Spellcasting
 * Level 2.4 Invocations


You had 22 spell levels left.
You knew the following spells:

 Your Spells              Type           Power        Failure   Level  Hunger
a - Apportation           Tloc           #.........   89%         1    #......
b - Blink                 Tloc           N/A          98%         2    ##.....
c - Passage of Golubria   Tloc           N/A          100%        4    #####..
d - Repel Missiles        Chrm/Air       #.....       98%         2    ##.....


Dungeon Overview and Level Annotations

Branches:
Dungeon (15/15)            Temple (1/1) D:5            Lair (6/6) D:11
 Shoals (3/4) Lair:3       Spider (0/4) Lair:3        Slime (0/5) Lair:5
    Orc (2/2) D:11            Elf (0/3) Orc:2        Vaults (0/5) D:13
 Depths (0/5) D:15

Altars:
Ashenzari
Cheibriados
Dithmenos
Elyvilon
Fedhas
Gozag
Hepliaklqana
Kikubaaqudgha
Makhleb
Nemelex Xobeh
Okawaru
Qazlal
Ru
Sif Muna
Trog
Uskayaw
Vehumet
Xom
Yredelemnul
Zin
The Shining One
Jiyva

Shops:
D:9 (   Orc:2 (!*[   Shoals:3 %


Innate Abilities, Weirdness & Mutations

You reflexively headbutt those who attack you in melee.
You have a pair of horns on your head.
You have sharp toenails.


Message History

The water swirls and strikes you!
* * * LOW HITPOINT WARNING * * *
The merfolk aquamancer closely misses you.
Your unstable footing causes you to fumble your attack.
You block the sea snake's attack.
Unknown command.
You slice the merfolk aquamancer!! You freeze the merfolk aquamancer!
You kill the merfolk aquamancer!
Okawaru accepts your kill.
You hear a splash. x2
You hit the sea snake but do no damage. You block the sea snake's attack.
Unknown command.
Your unstable footing causes you to fumble your attack.
You block the sea snake's attack.
Unknown command.
Your unstable footing causes you to fumble your attack.
You block the sea snake's attack. The water nymph casts a spell at you.
The water swirls and strikes you!
You die...

≈≈≈≈≈≈≈≈≈≈(†....###....≈≈≈≈
≈≈≈≈≈≈≈≈≈≈†.%.........≈≈≈)≈
≈≈≈≈≈≈≈≈.)(.........≈.≈≈≈†(
≈≈≈≈≈≈≈≈............≈≈≈≈≈≈.
≈≈≈≈≈≈≈.####........[≈≈≈≈≈)
≈≈≈≈≈≈≈.# ##........≈≈≈≈...
≈≈≈≈≈≈≈.###.(....##.≈≈≈....
≈≈≈≈≈≈≈............≈≈≈≈....
≈≈≈≈≈≈≈..≈@≈........≈≈≈(.##
≈≈≈≈≈≈...)S≈..≈≈.≈≈.≈≈((###
≈≈≈≈≈≈≈..≈≈≈).m..≈≈≈≈≈≈.≈..
≈≈≈≈≈≈≈.≈.#.#≈≈.≈≈ ≈≈≈≈≈≈≈≈
≈≈≈≈≈≈≈.#≈))..#.≈≈ ≈≈≈
≈≈≈≈≈≈≈≈.........≈ ≈≈≈
≈≈≈≈≈#≈.?≈≈≈...#.. ≈≈.
≈≈≈≈≈≈≈≈≈≈≈≈≈.... ≈≈≈
≈≈≈≈#≈≈≈≈≈≈≈≈≈..#. ≈≈≈


You could see a sea snake and a water nymph.

Vanquished Creatures
  Rupert (D:14)
  2 acid blobs (Lair:5)
  Polyphemus (Shoals:3)
  Gastronok (D:12)
  Kirke (Lair:5)
  Aizul (Shoals:3)
  Azrael (D:13)
  Snorg (Lair:4)
  A merfolk javelineer (Shoals:3)
  Josephine (D:14)
  The ghost of Zajzajer the Cleaver, a journeyman MiFi of Okawaru (D:11)
  5 ogre magi
  A yaktaur captain (D:13)
  9 hydras
  Fannar (D:14)
  2 centaur warriors
  2 catoblepae
  3 merfolk avatars
  4 merfolk aquamancers (Shoals:3)
  7 death yaks
  A vampire mage (D:15)
  A death knight (D:15)
  The ghost of rlgrobin the Nimble, a journeyman VSMo of Ru (D:11)
  Urug (Lair:2)
  2 skeletal warriors (D:15)
  A sea snake (shapeshifter) (D:14)
  5 sea snakes
  3 unseen horrors
  8 harpies
  A lindwurm (Lair:4)
  3 hill giants
  3 deep elf magi
  A necromancer (D:15)
  3 orc knights (Orc:2)
  9 griffons
  3 oklob plants (Lair:6)
  9 ugly things
  5 cyclopes
  4 orc sorcerers
  16 elephants
  9 manticores
  3 centaur zombies
  A guardian serpent (D:15)
  Psyche (D:12)
  4 water nymphs
  8 black mambas
  2 sirens
  18 spiny frogs
  A gargoyle (D:10)
  A torpor snail (Lair:6)
  3 rime drakes
  The ghost of snelelg the Changer, a novice HuWn (D:5)
  2 yaktaur zombies (D:15)
  4 freezing wraiths
  9 komodo dragons
  An efreet (D:12)
  2 yaktaurs (D:13)
  15 two-headed ogres
  A queen bee (shapeshifter) (D:15)
  A tengu conjurer (D:15)
  6 polar bears
  11 trolls
  9 merfolk
  2 wind drakes (Lair:6)
  21 blink frogs
  4 snapping turtles
  A deep troll zombie (D:15)
  An ice dragon zombie (D:15)
  11 dream sheep
  Sigmund (D:4)
  6 spriggans (D:9)
  3 wyverns (Lair:6)
  A spriggan (shapeshifter) (D:14)
  5 shadows
  2 fire elementals (D:13)
  52 yaks
  A vampire (D:14)
  10 water elementals
  8 wraiths
  3 basilisks
  9 hippogriffs
  3 hogs (Lair:5)
  2 hungry ghosts
  5 vampire mosquitoes
  A mottled dragon (D:11)
  4 wargs
  The ghost of runewalsh the Chiller, an amateur OpIE (D:4)
  3 hell hounds (D:13)
  13 water moccasins
  3 porcupines
  2 black bears (Lair:2)
  9 orc warriors
  2 eyes of draining
  6 sky beasts
  4 ice beasts
  5 wasps
  A necrophage (D:14)
  3 phantoms
  42 ogres
  6 centaurs
  12 crocodiles
  4 big kobolds
  9 giant frogs
  A wyvern zombie (D:9)
  2 gnoll sergeants (D:8)
  3 scorpions
  13 killer bees
  3 wights (D:15)
  4 electric eels
  2 howler monkeys
  6 crimson imps
  2 giant frog skeletons
  2 giant frog zombies
  A wasp zombie (D:11)
  11 orc priests
  9 hounds
  27 orc wizards
  3 centaur skeletons
  8 jellies
  Jessica (D:3)
  Ijyb (D:2)
  7 iguanas
  9 worker ants
  7 hell rats (Lair:6)
  16 adders
  12 gnolls
  A howler monkey skeleton (D:5)
  28 river rats
  3 shadow imps
  12 white imps (D:12)
  An adder skeleton (D:7)
  2 worms (D:2)
  4 giant geckos
  47 orcs
  9 bats
  5 giant cockroaches
  10 goblins
  13 hobgoblins
  2 jackals (D:10)
  4 quokkas
  2 ball pythons
  6 giant newts
  19 kobolds
  A quokka zombie (D:6)
  12 rats
  2 fungi
  5 plants
  A withered plant (D:15)
859 creatures vanquished.

Vanquished Creatures (others)
  5 centaurs
  An orc (D:6)
  A kobold (D:8)
  16 fungi
  4 plants
  9 toadstools (Lair:4)
  2 withered plants (D:15)
38 creatures vanquished.

Grand Total: 897 creatures vanquished

Notes
Turn   | Place    | Note
-------+----------+-------------------------------------------
     0 | D:1      | Zajzajer the Minotaur Fighter began the quest for the Orb.
     0 | D:1      | Reached XP level 1. HP: 19/19 MP: 0/0
   408 | D:1      | Reached XP level 2. HP: 26/26 MP: 1/1
   501 | D:1      | Reached skill level 3 in Axes
   842 | D:2      | Reached XP level 3. HP: 33/33 MP: 2/2
   895 | D:2      | Reached skill level 1 in Dodging
  1344 | D:2      | Noticed Ijyb
  1352 | D:2      | Killed Ijyb
  1352 | D:2      | Reached XP level 4. HP: 40/40 MP: 3/3
  2006 | D:3      | Reached skill level 1 in Spellcasting
  2163 | D:3      | Reached XP level 5. HP: 46/46 MP: 5/5
  2376 | D:3      | Noticed Jessica
  2379 | D:3      | Killed Jessica
  2379 | D:3      | Reached skill level 4 in Axes
  2582 | D:4      | Noticed an ogre
  2589 | D:4      | Killed an ogre
  2750 | D:4      | Noticed runewalsh's ghost (amateur OpIE)
  2761 | D:4      | Killed runewalsh's ghost
  2761 | D:4      | Reached XP level 6. HP: 17/53 MP: 5/7
  3160 | D:4      | Reached skill level 5 in Axes
  3204 | D:4      | Noticed Sigmund
  3205 | D:4      | Reached skill level 5 in Armour
  3216 | D:4      | Killed Sigmund
  3216 | D:4      | Reached XP level 7. HP: 56/60 MP: 8/8
  3390 | D:4      | Found a deep blue altar of Sif Muna.
  3415 | D:4      | Found a sacrificial altar of Ru.
  3514 | D:4      | Reached skill level 5 in Shields
  3613 | D:5      | Entered Level 5 of the Dungeon
  3633 | D:5      | Reached skill level 5 in Fighting
  3968 | D:5      | Reached skill level 6 in Axes
  4298 | D:5      | Found a shattered altar of Ashenzari.
  4322 | D:5      | Reached XP level 8. HP: 64/69 MP: 10/10
  4388 | D:5      | Noticed snelelg's ghost (novice HuWn)
  4410 | D:5      | Killed snelelg's ghost
  4410 | D:5      | Reached skill level 7 in Axes
  4817 | D:5      | Found a staircase to the Ecumenical Temple.
  4826 | Temple   | Entered the Ecumenical Temple
  4834 | Temple   | Became a worshipper of Warmaster Okawaru
  6383 | D:6      | Found a shadowy altar of Dithmenos.
  6410 | D:6      | Reached skill level 8 in Axes
  6410 | D:6      | Reached XP level 9. HP: 63/75 MP: 10/12
  6540 | D:6      | Found a snail-covered altar of Cheibriados.
  6602 | D:6      | Reached * piety under Okawaru
  6694 | D:6      | Found a white marble altar of Elyvilon.
  6931 | D:6      | Found an opulent altar of Gozag.
  8069 | D:8      | Noticed a troll
  8094 | D:8      | Killed a troll
  8094 | D:8      | Reached ** piety under Okawaru
  8094 | D:8      | Reached skill level 9 in Axes
  8094 | D:8      | Reached skill level 5 in Dodging
  8108 | D:8      | Killed an unseen horror
  8467 | D:8      | Reached XP level 10. HP: 83/86 MP: 12/14
  8571 | D:8      | Reached *** piety under Okawaru
  8827 | D:8      | Reached skill level 10 in Axes
  8963 | D:8      | Gained mutation: You have sharp toenails. [potion of beneficial mutation]
  9305 | D:8      | Noticed a red ugly thing
  9329 | D:8      | Killed a red ugly thing
  9329 | D:8      | Reached **** piety under Okawaru
  9791 | D:8      | You fall through a shaft for 3 floors!
  9891 | D:11     | Found a staircase to the Lair.
 10220 | D:11     | Noticed a hill giant
 10227 | D:11     | Killed a hill giant
 10227 | D:11     | Reached skill level 11 in Axes
 10227 | D:11     | Reached XP level 11. HP: 95/95 MP: 16/16
 10233 | D:10     | Entered Level 10 of the Dungeon
 10250 | D:10     | Got an ichor-stained rapier
 10344 | D:9      | Reached ***** piety under Okawaru
 10799 | D:9      | Found an ancient bone altar of Kikubaaqudgha.
 10800 | D:9      | Found a shimmering altar of Xom.
 10984 | D:9      | Found Mezxouda's Antique Weapon Shop.
 11061 | D:9      | Noticed a four-headed hydra
 11063 | D:9      | Identified the +10 rapier "Inissagg" {drain, -Tele +Rage Dex+7 Stlth+} (You found it on level 10 of the Dungeon)
 11071 | D:9      | Killed a four-headed hydra
 11428 | D:9      | Received a gift from Okawaru
 12484 | D:11     | Found a staircase to the Orcish Mines.
 12508 | D:11     | Noticed a hill giant
 12516 | D:11     | Killed a hill giant
 12567 | D:11     | Noticed Zajzajer's ghost (journeyman MiFi)
 12571 | D:11     | Noticed rlgrobin's ghost (journeyman VSMo)
 12591 | D:11     | Killed rlgrobin's ghost
 12591 | D:11     | Reached skill level 12 in Axes
 12591 | D:11     | Reached skill level 5 in Spellcasting
 12627 | D:11     | Killed Zajzajer's ghost
 12627 | D:11     | Reached skill level 10 in Armour
 13098 | D:11     | Killed an unseen horror
 13098 | D:11     | Received a gift from Okawaru
 13098 | D:11     | Reached XP level 12. HP: 92/105 MP: 18/18
 13462 | Lair:1   | Entered Level 1 of the Lair of Beasts
 13796 | Lair:1   | You fall through a shaft!
 13877 | Lair:2   | Reached skill level 10 in Shields
 13895 | Lair:2   | Reached skill level 10 in Fighting
 14128 | Lair:2   | Noticed Urug
 14139 | Lair:2   | Killed Urug
 14216 | Lair:2   | Found a shadowy altar of Dithmenos.
 15667 | Lair:3   | Reached skill level 13 in Axes
 15886 | Lair:3   | Found a hole to the Spider Nest.
 16603 | Lair:3   | Found a staircase to the Shoals.
 16907 | Lair:4   | Received a gift from Okawaru
 16916 | Lair:4   | Got a pair of crude boots {god gift}
 16927 | Lair:4   | Identified the +1 pair of boots of the Untouchables {rN+ Str+3 Dex+2} (Okawaru gifted it to you on level 4 of the Lair of Beasts)
 17090 | Lair:4   | Noticed a six-headed hydra
 17100 | Lair:4   | Killed a six-headed hydra
 17109 | Lair:4   | Reached XP level 13. HP: 47/114 MP: 20/20
 17112 | Lair:4   | Reached ****** piety under Okawaru
 17771 | Lair:4   | Noticed Snorg
 17785 | Lair:4   | Killed Snorg
 18477 | Lair:4   | Found a runed door.
 18505 | Lair:4   | Reached skill level 14 in Axes
 18723 | Lair:4   | Got a bloodstained demon blade
 18910 | Lair:4   | Identified the +4 demon blade of Subterfuge {flame, rF+ Int-4 Dex+2} (You found it on level 4 of the Lair of Beasts)
 19154 | Lair:5   | Noticed Kirke
 19169 | Lair:5   | Killed Kirke
 19180 | Lair:5   | Reached skill level 10 in Dodging
 19581 | Lair:5   | Received a gift from Okawaru
 19706 | Lair:5   | Identified a scroll of acquirement
 19856 | Lair:5   | Found a runed door.
 19857 | Lair:5   | Found a viscous altar of Jiyva.
 19857 | Lair:5   | Noticed an acid blob
 19858 | Lair:5   | Noticed an acid blob
 19859 | Lair:5   | Found a staircase to the Slime Pits.
 20370 | Lair:5   | Reached XP level 14. HP: 125/125 MP: 22/22
 20522 | Lair:5   | Killed an acid blob
 20522 | Lair:5   | Reached skill level 15 in Axes
 20648 | Lair:5   | Killed an acid blob
 21002 | Lair:6   | Entered Level 6 of the Lair of Beasts
 21704 | Lair:6   | Received a gift from Okawaru
 22066 | Lair:6   | Received a gift from Okawaru
 22661 | Lair:6   | Got a shimmering falchion
 22671 | Lair:6   | Identified the cursed +3 falchion "Issonyop" {flame, rC+ Stlth+} (You found it on level 6 of the Lair of Beasts)
 22871 | D:11     | Learned a level 1 spell: Apportation
 22874 | D:11     | Learned a level 2 spell: Blink
 22879 | D:11     | Learned a level 4 spell: Passage of Golubria
 23107 | D:12     | Got a smoking chain mail
 23118 | D:12     | Identified the +0 chain mail "Jailuigg" {+Inv Str+3 Int+2} (You found it on level 12 of the Dungeon)
 23154 | D:12     | Noticed Gastronok
 23177 | D:12     | Killed Gastronok
 23177 | D:12     | Received a gift from Okawaru
 23183 | D:12     | Found a frozen archway.
 23189 | D:12     | Reached skill level 16 in Axes
 23319 | D:12     | Noticed Psyche
 23325 | D:12     | Killed Psyche
 23765 | D:13     | Reached XP level 15. HP: 134/134 MP: 24/24
 23782 | D:13     | Got a pearl-encrusted chain mail
 23794 | D:13     | Identified the +0 chain mail of Qely {-Cast rC+ Str+2} (You found it on level 13 of the Dungeon)
 23955 | D:13     | Found a gate to the Vaults.
 24047 | D:13     | Noticed Azrael
 24064 | D:13     | Killed Azrael
 24680 | D:14     | Noticed Fannar
 24689 | D:14     | Killed Fannar
 24763 | D:14     | Noticed Josephine
 24775 | D:14     | Killed Josephine
 24804 | D:14     | Learned a level 2 spell: Repel Missiles
 24942 | D:14     | Noticed Rupert
 24946 | D:14     | Received a gift from Okawaru
 24958 | D:14     | Killed Rupert
 25162 | D:15     | Entered Level 15 of the Dungeon
 25242 | D:15     | Found a staircase to the Depths.
 25285 | D:15     | HP: 6/136 [something (10)]
 26087 | D:15     | Reached skill level 17 in Axes
 26108 | D:15     | Found a shattered altar of Ashenzari.
 26564 | Orc:1    | Entered Level 1 of the Orcish Mines
 26884 | Orc:2    | Entered Level 2 of the Orcish Mines
 26927 | Orc:2    | Received a gift from Okawaru
 26943 | Orc:2    | Reached XP level 16. HP: 111/145 MP: 26/26
 27075 | Orc:2    | Got a jewelled broad axe {god gift}
 27076 | Orc:2    | Identified the +3 broad axe of the Shining Light {freeze, rF+ rN+ Str+8 Stlth-} (Okawaru gifted it to you on level 2 of the Orcish Mines)
 27329 | Orc:2    | Found a staircase to the Elven Halls.
 27465 | Orc:2    | Found Vogotir's Armour Shop.
 27465 | Orc:2    | Found Noescho's Distillery.
 27567 | Orc:2    | Found Qopiy's Weapon Boutique.
 27568 | Orc:2    | Found Uryabror's General Store.
 27578 | Orc:2    | Bought a potion of berserk rage for 80 gold pieces
 27578 | Orc:2    | Bought a potion of might for 64 gold pieces
 27578 | Orc:2    | Bought a potion of heal wounds for 80 gold pieces
 27578 | Orc:2    | Bought a potion of agility for 64 gold pieces
 27580 | Orc:2    | Bought a potion of agility for 68 gold pieces
 27580 | Orc:2    | Bought a scroll of remove curse for 51 gold pieces
 28065 | Shoals:1 | Entered Level 1 of the Shoals
 28740 | Shoals:2 | Received a gift from Okawaru
 29232 | Shoals:3 | Noticed Aizul
 29242 | Shoals:3 | Killed Aizul
 29252 | Shoals:3 | Found Refir's Food Boutique.
 29745 | Shoals:3 | Reached skill level 18 in Axes
 29750 | Shoals:3 | Received a gift from Okawaru
 29848 | Shoals:3 | Noticed Polyphemus
 29848 | Shoals:3 | Reached skill level 1 in Invocations
 29873 | Shoals:3 | Killed Polyphemus
 30058 | Shoals:3 | Killed from afar by a water nymph

Vault maps used:
D:1:      minmay_arrival_arboretum_small, serial_glass, glass_columns_b,
          glass_columns_c, glass_columns_a, glass_columns_b, glass_columns_c
D:2:      uniq_iyjb
D:3:      kennysheep_jessica_study
D:4:      nicolae_ru_path_of_blood, led_sif_book, uniq_sigmund
D:5:      ashenzari_altar_1, first_bread
D:6:      kennysheep_little_box, lemuel_round_altar, grunt_dithmenos_shadows,
          minivault_4, nrook_mini_backslash, elyvilon_altar_4
D:7:      grunt_ogre_cave
D:8:      kennysheep_housing_project, minmay_misc_feat_rows, minmay_radiant
D:9:      kb_forest_paths, gammafunk_temple_overflow_pools, serial_curves,
          eino_curves_04, eino_curves_03, eino_curves_03, serial_shops,
          nicolae_shop_behind_doors
D:11:     david_lair_shrubbed, orc_0_dummy, kennysheep_generic_room_10,
          uniq_fannar
D:12:     portal_ice_cave_entry_imps, uniq_psyche, uniq_gastronok
D:13:     david_vaults_2, uniq_azrael
D:14:     uniq_josephine, uniq_rupert
D:15:     gammafunk_depths_entry_grave, basic_altar,
          nrook_guardian_serpent_ordinary
Temple:   eino_narrow_crystal_temple
Lair:2:   gammafunk_lair_bear_cave, basic_altar, serial_bayou_shore_b, uniq_urug
Lair:3:   minmay_shoals_entry_lonely_mermaid, dummy_spider_entry,
          lemuel_fruit_fields
Lair:4:   gammafunk_lair_enchanted_lake, nicolae_volcano_entry_s_turn,
          grunt_forest_stairs_basic, uniq_snorg
Lair:5:   minmay_guarded_unrand_snakebite, slime_altar_2, uniq_kirke
Lair:6:   gammafunk_lair_ancient_temple, dpeg_oklob_1
Shoals:3: serial_shops, shop_statue, nicolae_shoals_water_shrine,
          uniq_polyphemus, uniq_aizul
Orc:2:    st_orc_ogre_mass, nicolae_orc_lava_room

Skill      XL: |  1  2  3  4  5  6  7  8  9 10 11 12 13 14 15 16 |
---------------+-------------------------------------------------+-----
Axes           | 3 4 5 6 8 9 11 12 13 14 16 17 18 | 18.2
Dodging        | 1 2 3 4 5 6 7 9 10 11 12 | 12.5
Shields        | 4 5 6 7 8 9 10 11 12 13 14 | 14.1
Armour         | 4 5 6 8 9 10 11 12 13 14 | 14.5
Fighting       | 4 5 6 7 8 9 10 11 12 13 14 | 14.2
Spellcasting   | 1 2 3 4 5 6 7 8 |  8.3
Invocations    | 2 |  2.4

Action                   |  1- 3 |  4- 6 |  7- 9 | 10-12 | 13-15 | 16-18 || total
-------------------------+-------+-------+-------+-------+-------+-------++-------
Melee: War axe           |    92 |   112 |   285 |   767 |   822 |       ||  2078
       Headbutt          |    14 |    10 |    43 |   183 |   351 |    67 ||   668
       Kick              |       |       |       |    69 |       |       ||    69
       Rapier            |       |       |       |    46 |    16 |       ||    62
       Demon blade       |       |       |       |       |    50 |       ||    50
       Broad axe         |       |       |       |       |   355 |   284 ||   639
Invok: Finesse           |       |       |       |     1 |     2 |     2 ||     5
Evoke: Wand              |       |       |       |     2 |       |       ||     2
  Use: Scroll            |       |     9 |     5 |    10 |    16 |     4 ||    44
       Potion            |       |       |     6 |     2 |     6 |     5 ||    19
 Stab: Petrified         |       |       |       |       |     6 |     4 ||    10
       Petrifying        |       |       |       |       |     1 |       ||     1
  Eat: Chunk             |     1 |     7 |    11 |    24 |    24 |    12 ||    79
       Pizza             |       |       |     1 |       |       |       ||     1
       Meat ration       |       |       |     1 |       |       |       ||     1
       Fruit             |       |       |       |     7 |     9 |       ||    16
       Royal jelly       |       |       |       |       |     1 |       ||     1
Armor: Scale mail        |    42 |    39 |       |       |       |       ||    81
       Skin              |       |     8 |       |       |       |       ||     8
       Chain mail        |       |     6 |   148 |   246 |   146 |    47 ||   593
       Plate armour      |       |       |       |       |   188 |    33 ||   221
Dodge: Dodged            |    34 |    50 |    52 |   170 |   480 |   146 ||   932
Block: Shield            |    43 |    61 |   159 |   663 |  1097 |   269 ||  2292
       Reflection        |       |       |     1 |    24 |    28 |    16 ||    69
